 Dungeon Crawl Stone Soup version 0.23.2-1-ga50397a (webtiles) character file.

Game seed: 9260125591171182426

47 troglodite the Slasher (level 3, -2/32 HPs)
             Began as a Deep Dwarf Gladiator on May 15, 2019.
             Slain by Crazy Yiuf
             ... wielding a +4 quarterstaff of chaos
              (15 damage)
             ... on level 2 of the Dungeon.
             The game lasted 00:04:07 (1140 turns).

troglodite the Slasher (Deep Dwarf Gladiator)       Turns: 1140, Time: 00:04:08

Health: -2/32      AC:  6    Str: 17    XL:     3   Next: 48%
Magic:  3/3        EV: 12    Int:  8    God:
Gold:   54         SH:  0    Dex: 15    Spells: 2/2 levels left

rFire    . . .     SeeInvis .   a - +0 long sword
rCold    . . .     Gourm    .   (no shield)
rNeg     . . .     Faith    .   k - +0 ring mail
rPois    .         Spirit   .   c - +0 helmet
rElec    .         Reflect  .   (no cloak)
rCorr    .         Harm     .   (no gloves)
MR       .....                  (no boots)
Stlth    +.........             (no amulet)
HPRegen  0.00/turn              (no ring)
MPRegen  0.08/turn              (no ring)

@: non-regenerating
A: damage resistance, heal wounds, sense surroundings 1, no regeneration
a: Heal Wounds


You were on level 2 of the Dungeon.
You were not hungry.

You visited 1 branch of the dungeon, and saw 2 of its levels.

You collected 54 gold pieces.

Inventory:

Hand Weapons
 a - a +0 long sword (weapon)
Missiles
 d - 3 throwing nets (quivered)
Armour
 c - a +0 helmet (worn)
 k - a +0 ring mail (worn)
Scrolls
 e - 2 scrolls of identify {unknown}
 l - 2 scrolls of remove curse {unknown}
Potions
 b - a potion of cancellation {unknown}
 h - a potion of mutation {unknown}
 i - 2 potions of brilliance {unknown}
 j - a potion of curing {unknown}
Comestibles
 f - 3 rations
 g - 3 chunks of flesh


   Skills:
 * Level 1.9 Fighting
 * Level 4.0 Long Blades
 + Level 1.9 Throwing
 * Level 0.5 Armour
 * Level 3.7 Dodging


You had 2 spell levels left.
You didn't know any spells.
Your spell library was empty.

Dungeon Overview and Level Annotations

Branches:
Dungeon (2/15)

Altars:

Annotations:
D:2 Crazy Yiuf


Innate Abilities, Weirdness & Mutations

You are resistant to damage.
You can heal yourself by infusing magical energy.
You passively map a small area around you.
You do not regenerate.


Message History

You barely miss the bat. The bat hits you but does no damage.
The bat barely misses you.
You riposte.
You barely miss the bat. You hit the bat.
You kill the bat!
l - a scroll labeled ROT JUM YSEXI
l - 2 scrolls labeled ROT JUM YSEXI (gained 1)
You see here a runed mace.
f - 3 rations (gained 1)
You see here a runed mace.
Found a mace.
Found a runed translucent door.
Crazy Yiuf shouts!
You open the door. You barely miss Crazy Yiuf.
Crazy Yiuf hits you with a +4 quarterstaff of chaos!
You hit Crazy Yiuf.
Crazy Yiuf is lightly wounded.
Crazy Yiuf cries, "Tosser!"
Crazy Yiuf hits you with a +4 quarterstaff of chaos!
You are electrocuted!
You die...

.. #.# #.#
..... #.#
.... #.#
.... #.#
##### #..*
#.# #..)#
#..## #.#
#...#
#...#####.#
*...
#.........#
#g#
###.#####.#
♣♣@♣ #.##
#.# ♣.♣♣
#..# #.#
♣♣.♣ ##.##
#.# ♣.♣♣
#..# #.#
♣♣.♣♣
##.###.#
♣...♣♣
###..##.#
♣....♣
#....##.#
#...)# ####
#....##.#
#.)..####..#


You could see Crazy Yiuf.

Vanquished Creatures
  An adder (D:2)
  An ooze (D:1)
  A dart slug (D:1)
  A leopard gecko (D:1)
  2 giant cockroaches (D:1)
  6 goblins (D:1)
  3 hobgoblins (D:1)
  4 jackals
  3 bats (D:2)
  2 frilled lizards (D:1)
  2 kobolds (D:1)
  4 rats
30 creatures vanquished.

Notes
Turn   | Place    | Note
-------+----------+-------------------------------------------
     0 | D:1      | troglodite the Deep Dwarf Gladiator began the quest for the
                  | Orb.
     0 | D:1      | Reached XP level 1. HP: 19/19 MP: 1/1
   169 | D:1      | Reached XP level 2. HP: 19/26 MP: 2/2
   571 | D:1      | Reached XP level 3. HP: 32/32 MP: 3/3
   951 | D:2      | Reached skill level 4 in Long Blades
  1134 | D:2      | Found a runed translucent door.
  1135 | D:2      | Noticed Crazy Yiuf
  1140 | D:2      | Slain by Crazy Yiuf

Skill      XL: |  1  2  3 |
---------------+----------+-----
Long Blades    | 4 |  4.0
Fighting       | |  1.9
Throwing       | |  1.9
Armour         | |  0.5
Dodging        | |  3.7

Action                   || total
-------------------------++-------
Melee: Long sword        ||    73
 Abil: Heal Wounds       ||     1
  Eat: Chunk             ||     1
Armor: Leather armour    ||    15
       Ring mail         ||    10
Dodge: Dodged            ||    50
       Rpst.: Long sword ||    20
